 Dungeon Crawl Stone Soup version 0.17-a0-1972-g3149b6f (webtiles) character file.

29 Shim the Grasshopper (level 3, 0/24 HPs)
             Began as a High Elf Warper on Oct 4, 2015.
             Succumbed to an adder's poison
             ... on level 2 of the Dungeon.
             The game lasted 00:08:51 (1639 turns).

Shim the Grasshopper (High Elf Warper)              Turns: 1639, Time: 00:08:51

Health: 0/24       AC:  3    Str: 10    XL:     3   Next: 1%
Magic:  7/8        EV: 12    Int: 19    God:
Gold:   38         SH:  0    Dex: 16    Spells: 3 memorised, 2 levels left

rFire  . . .     SeeInvis .     a - +0 falchion
rCold  . . .     Clarity  .     b - +0 leather armour
rNeg   . . .     SustAt   .     (no shield)
rPois  .         Gourm    .     (no helmet)
rElec  .         Spirit   .     (no cloak)
rCorr  .         Warding  .     (no gloves)
rMut   .         Stasis   .     (no boots)
MR     .....                    (no amulet)
Stlth  +.........               (no ring)
                                i - +3 ring of intelligence

@: lethally poisoned (0 -> -5), about to teleport, not resistant to hostile
enchantments, very unstealthy
A: no striking features
a: no special abilities


You were on level 2 of the Dungeon.
You were very hungry.

You visited 1 branch of the dungeon, and saw 2 of its levels.

You collected 38 gold pieces.

Inventory:

Hand Weapons
 a - a +0 falchion (weapon)
Missiles
 d - 7 needles of paralysis
 e - 5 tomahawks of dispersal (quivered)
Armour
 b - a +0 leather armour (worn)
Jewellery
 i - a +3 ring of intelligence (left hand)
Potions
 g - a potion of resistance {unknown}
 h - a potion of agility {unknown}
Books
 c - a book of Spatial Translocations

   Spells                             Type                      Level
   a - Apportation                    Translocation                1
   b - Blink                          Translocation                2
   c - Shroud of Golubria             Charms/Translocation         2
   d - Portal Projectile              Translocation                3
   e - Teleport Other                 Translocation                3
   f - Passage of Golubria            Translocation                4
Comestibles
 f - a bread ration


   Skills:
 + Level 2.2 Fighting
 + Level 2.7 Long Blades
 + Level 1.2 Throwing
 + Level 1.2 Armour
 + Level 2.2 Dodging
 + Level 2.8 Spellcasting
 + Level 3.7 Translocations


You had 2 spell levels left.
You knew the following spells:

 Your Spells              Type           Power        Failure   Level  Hunger
a - Apportation           Tloc           ###.......   6%          1    None
b - Blink                 Tloc           N/A          10%         2    ##.....
c - Shroud of Golubria    Chrm/Tloc      #.........   14%         2    ##.....


Dungeon Overview and Level Annotations

Branches:
Dungeon (2/15)

Altars:


Message History

Yoink!
You pull the item towards yourself.
The adder barely misses you. The adder bites you.
* * * LOW HITPOINT WARNING * * *
An adder and a hobgoblin come into view.
The hobgoblin shouts!
A bat and a goblin come into view.
A goblin comes into view. It is wielding a dagger.
The goblin shouts! x2
The adder bites you.
* * * LOW HITPOINT WARNING * * *
You are lethally poisoned!
The adder poisons you! The adder misses you.
* * * LOW HITPOINT WARNING * * *
You feel sick.
Read which item? (? for menu, Esc to quit)
You can't read that!
Read which item? (? for menu, Esc to quit)
As you read the scroll labeled HAAM NATIOGGUISU, it crumbles to dust.
You feel strangely unstable.
It was a scroll of teleportation.
You die...

...# ## ....##.
#..... #g...
#...S######
#b.l..r.####
##.g###.#..##
##S###.l...###
#@##........#
#####.##........#
##.............###
###...........#..##
##...........<.####
####..########..###
#.....# #####..##
####.###.#
#.......#
.....##..#
#.......#


You could see 2 adders, a hobgoblin, a goblin, a bat and a giant newt.

Vanquished Creatures
  An adder (D:2)
  3 giant geckos
  5 goblins
  4 jackals (D:1)
  3 kobolds
  A giant newt (D:1)
17 creatures vanquished.

Notes
Turn   | Place    | Note
--------------------------------------------------------------
     0 | D:1      | Shim the High Elf Warper began the quest for the Orb.
     0 | D:1      | Reached XP level 1. HP: 14/14 MP: 4/4
   760 | D:1      | Reached XP level 2. HP: 12/19 MP: 6/6
   764 | D:1      | Learned a level 2 spell: Blink
   767 | D:1      | Learned a level 2 spell: Shroud of Golubria
  1010 | D:1      | Reached skill level 1 in Armour
  1561 | D:2      | Reached XP level 3. HP: 8/24 MP: 8/8
  1637 | D:2      | HP: 1/24 [poisoned by an adder]
  1639 | D:2      | Succumbed to an adder's poison

Vault maps used:
D:1:      dpeg_arrival_stonehenge_12_columns, minmay_misc_feat_plants
D:2:      bloody_trog, okawaru_ov_weapons_minmay, minmay_bisected

Action                   || total
-------------------------++-------
Melee: Falchion          ||    47
 Cast: Apportation       ||     1
       Blink             ||     1
  Use: Scroll            ||     2
  Eat: Chunk             ||     1
